 Dungeon Crawl Stone Soup version 0.28.0-53-g5a82cb258f (webtiles) character file.

Game seed: 402508987311586810

69137 Silk the Unseen (level 14, -6/75 HPs)
             Began as a Spriggan Brigand on July 13, 2022.
             Was the Champion of Dithmenos.
             Killed from afar by an ice dragon (38 damage)
             ... with a blast of cold
             ... on level 15 of the Dungeon on July 19, 2022.
             The game lasted 02:20:18 (23759 turns).

Silk the Unseen (Spriggan Brigand)                 Turns: 23759, Time: 02:20:19

Health: -6/75      AC: 11    Str:  7    XL:     14   Next: 89%
Magic:  23/30      EV: 21    Int: 16    God:    Dithmenos [******]
Gold:   3020       SH:  0    Dex: 18    Spells: 9/36 levels left

rFire   . . .      SeeInvis +   J - +6 short sword (drain)
rCold   . . .      Faith    .   (no shield)
rNeg    . . .      Spirit   .   a - +2 robe {Archmagi}
rPois   .          Reflect  .   (helmet restricted)
rElec   .          Harm     .   d - +2 cloak {Stlth+}
rCorr   .          Rampage  .   (gloves unavailable)
Will    ++...      Archmagi +   (boots unavailable) Stlth ****++++++
                                F - amulet of regeneration
HPRegen 1.02/turn               V - ring of wizardry
MPRegen 0.22/turn               C - +4 ring of protection

@: wreathed by umbra, very quick
A: very small, no large weapons, unfitting armour, see invisible, speed 3
a: Renounce Religion, Shadow Step, Shadow Form


You were on level 15 of the Dungeon.
You worshipped Dithmenos.
Dithmenos was exalted by your worship.
You visited 4 branches of the dungeon, and saw 23 of its levels.
You also visited: Gauntlet.

You collected 4112 gold pieces.
You spent 1092 gold pieces at shops.

Inventory:

Hand Weapons
 A - the +7 Throatcutter {drain, coup de grace}
   (You took it off Terence on level 3 of the Dungeon)

   A truly terrible weapon, it drains the life of any living foe it strikes.
   It may instantly kill foes which have little health.
 J - a +6 short sword of draining (weapon)
 S - a +0 scimitar of flaming
Missiles
 e - 7 curare-tipped darts
 f - 325 arrows
 g - a throwing net
 q - 14 boomerangs (quivered)
 u - 177 sling bullets
 B - 3 silver boomerangs
 Z - 21 poisoned darts
Armour
 a - a +2 robe of the Archmagi (worn)
 d - a +2 cloak of stealth (worn)
 w - the +1 robe of Feasting {Fly rElec Str-3 Stlth+}
   (You found it on level 2 of the Dungeon)

   Str:       It affects your strength (-3).
   rElec:     It insulates you from electricity.
   Fly:       It grants you flight.
   Stlth:     It makes you more stealthy.
 y - a +0 troll leather armour
Jewellery
 c - the ring of Poir {rPois rF+ Str+2}
   (You acquired it on level 3 of the Lair of Beasts)

   [ring of poison resistance]

   Str:       It affects your strength (+2).
   rF:        It protects you from fire.
   rPois:     It protects you from poison.
 v - a ring of positive energy
 C - a +4 ring of protection (right hand)
 D - a +6 ring of dexterity
 F - an amulet of regeneration (around neck)
 G - a ring of ice
 P - an amulet of faith
 V - a ring of wizardry (left hand)
 X - a ring of willpower
 Y - a ring of flight
Wands
 b - a wand of polymorph (1)
 l - a wand of charming (1)
 K - a wand of paralysis (5)
 N - a wand of iceblast (12)
 T - a wand of digging (22)
Scrolls
 j - 12 scrolls of teleportation
 n - a scroll of summoning
 t - a scroll of brand weapon
 L - 2 scrolls of enchant armour
 O - a scroll of torment {unknown}
 R - 2 scrolls of fog
 U - 2 scrolls of vulnerability
 W - 2 scrolls of blinking
Potions
 h - 4 potions of haste
 i - 2 potions of brilliance
 k - 2 potions of resistance
 m - 2 potions of heal wounds
 o - 5 potions of curing
 p - 7 potions of lignification
 r - 5 potions of might
 z - 7 potions of attraction
 E - 3 potions of flight
 H - 2 potions of magic
 I - 2 potions of cancellation
 M - 2 potions of mutation
Miscellaneous
 x - a phial of floods (inert)
 Q - a tin of tremorstones (2/2)


   Skills:
 + Level 9.3 Fighting
 - Level 6.0 Short Blades
 - Level 2.0 Throwing
 + Level 7.1 Dodging
 + Level 16.4 Stealth
 * Level 11.9 Spellcasting
 + Level 12.6 Hexes
 - Level 2.0 Summonings
 + Level 6.9 Translocations
 - Level 3.0 Transmutations
 * Level 7.4 Ice Magic
 - Level 5.5 Air Magic
 - Level 4.0 Earth Magic
 + Level 3.3 Invocations
 - Level 10.1 Evocations


You had 9 spell levels left.
You knew the following spells:

 Your Spells              Type           Power      Damage    Failure   Level
a - Ensorcelled Hibernat  Hex/Ice        100%       N/A       1%          2
b - Passwall              Tmut/Erth      25%        N/A       1%          2
c - Apportation           Tloc           94%        N/A       1%          1
d - Frozen Ramparts       Ice            100%       1d12      1%          3
e - Stone Arrow           Conj/Erth      46%        3d9       4%          3
f - Summon Ice Beast      Ice/Summ       37%        N/A       4%          4
g - Ozocubu's Armour      Ice            50%        N/A       1%          3
h - Tukima's Dance        Hex            66%        N/A       1%          3
i - Summon Guardian Gole  Hex/Summ       49%        N/A       1%          3
j - Portal Projectile     Hex/Tloc       100%       N/A       1%          3

Your spell library contained the following spells:

 Spells                   Type           Power      Damage    Failure   Level
 Freeze                   Ice            100%       1d11      1%          1
 Slow                     Hex            100%       N/A       1%          1
 Summon Small Mammal      Summ           92%        N/A       1%          1
 Static Discharge         Conj/Air       27%        N/A       1%          2
 Swiftness                Air            40%        N/A       1%          3
 Silence                  Hex/Air        27%        N/A       1%          5
 Animate Skeleton         Necr           28%        N/A       3%          1
 Ice Form                 Ice/Tmut       39%        N/A       3%          4
 Call Canine Familiar     Summ           23%        N/A       4%          3
 Hailstorm                Conj/Ice       32%        3d8       6%          4
 Animate Armour           Summ/Erth      56%        N/A       9%          4
 Dispel Undead            Necr           14%        3d10      28%         4
 Sticky Flame             Conj/Fire      14%        2d4       28%         4
 Fireball                 Conj/Fire      7%         3d5       61%         5
 Iskenderun's Battlesphe  Conj           14%        2d7       61%         5
 Discord                  Hex            33%        N/A       69%         8
 Ozocubu's Refrigeration  Ice            25%        4d10      71%         7
 Conjure Ball Lightning   Conj/Air       13%        3x3d6     78%         6
 Orb of Destruction       Conj           7%         9d6       100%        7
 Lehudib's Crystal Spear  Conj/Erth      11%        10d4      100%        8


Dungeon Overview and Level Annotations

Branches:
Dungeon (15/15)            Temple (1/1) D:4            Lair (5/6) D:9
  Swamp (0/4) Lair:3        Snake (0/4) Lair:4        Slime (0/5) Lair:5
    Orc (2/2) D:12            Elf (0/3) Orc:2       Gauntlet (visited)
 Vaults: D:13-14     Depths: D:15

Altars:
Ashenzari
Cheibriados
Dithmenos
Elyvilon
Fedhas
Gozag
Hepliaklqana
Kikubaaqudgha
Makhleb
Nemelex Xobeh
Okawaru
Qazlal
Ru
Sif Muna
Trog
Uskayaw
Vehumet
Wu Jian
Xom
Yredelemnul
Zin
The Shining One
Beogh

Shops:
D:4 :   D:7 *   D:15 ?   Orc:1 **   Orc:2 [(=!

Portals:
Trove: D:13 (give 2 scrolls of acquirement)

Annotations:
D:11 2 transporters, NoAnimeNoLife's ghost, journeyman TrBe
D:14 Jorgrun
Lair:5 exclusion: 3 oklob plants, Zimaveycw's ghost, journeyman OpFi
Orc:1 3 runed translucent doors, aloneDruid's ghost, journeyman DgGl; mmigdal's ghost, journeyman DsFi


Innate Abilities, Weirdness & Mutations

You are very small and have problems with some larger weapons.
You are too small for most types of armour.
You have supernaturally acute eyesight. (SInv)
You cover ground extremely quickly. (Speed+++)


Message History

The wall freezes the vampire mosquito.
The vampire mosquito barely misses you.
The wall freezes the vampire mosquito but does no damage.
The vampire mosquito bites you but does no damage.
The wall freezes the centaur warrior.
The centaur warrior hits you! The centaur warrior barely misses you.
The wall freezes the vampire mosquito.
The vampire mosquito completely misses you.
Unknown command.
Casting: Stone Arrow (dangerous; 4% risk of failure)
Confirm with . or Enter, or press ? or * to list all spells.
Aiming: Tukima's Dance (safe; 1% risk of failure)
Press: ? - help, Shift-Dir - straight line, f - two-headed ogre
Aim: a two-headed ogre, wielding a +0 dire flail and a +0 giant spiked club (umbra, chance to affect: 62%)
Okay, then.
Okay, then.
As you read the scroll of fear, it crumbles to dust.
You assume a fearsome visage.
The two-headed ogre looks frightened! x2
The centaur warrior looks frightened!
The vampire mosquito is unaffected. x2
The wall freezes the vampire mosquito.
The vampire mosquito bites you but does no damage.
The wall freezes the centaur warrior.
Your attack snaps the centaur warrior out of its fear.
The wall freezes the vampire mosquito.
The vampire mosquito bites you.
The vampire mosquito draws strength from your injuries!
The wall freezes the vampire mosquito.
The vampire mosquito barely misses you.
The wall freezes the two-headed ogre.
Your attack snaps the two-headed ogre out of its fear.
Unknown command.
Your icy armour and frozen ramparts will break if you move.
Continue?
Your icy armour cracks and falls away as you move.
The frozen ramparts melt away as you move.
An ice dragon comes into view.
The vampire mosquito misses you.
The vampire mosquito bites you but does no damage.
The vampire mosquito completely misses you.
The vampire mosquito misses you.
The vampire mosquito completely misses you.
The ice dragon breathes frost at you. The blast of cold hits you!!!
Ouch! That really hurt!
You die...

#..§§#§....#...Z...# ##
#..§§#.....#./..c..#
....#######≈...#.....##......#
.......≈))≈†...'......#......#
.......≈≈##≈...#......#......#
......O≈##..O..#......#....(.#
.......##......#......c......#
#....O##.D...yy#...y..#......#
#.....#..8....@##y....#......#+
#.....#.........#.....#........
#.....#.##.....c#######.....###
... #. ##.................# .
#.................#
#.................#
#...####+####.....+ #...
#.....# ##.....###


You could see an ice dragon (catching breath), a centaur warrior (fleeing,
drained, waterlogged), a two-headed ogre and 2 vampire mosquitoes.

Vanquished Creatures
  An orc warlord (Orc:1)
  A minotaur (Gauntlet)
  A green death (Gauntlet)
  Fannar (Orc:1)
  2 hydras (D:14)
  2 centaur warriors
  Erica (D:9)
  2 alligators (D:13)
  6 two-headed ogres
  6 death yaks (Lair:5)
  5 orc high priests (Orc:2)
  Nergalle (Lair:4)
  2 lindwurms (D:13)
  A deep elf pyromancer (D:14)
  7 orc knights (Orc:2)
  3 ugly things
  A manticore (D:11)
  Maurice (D:10)
  3 cyclopes (D:13)
  9 black mambas
  A torpor snail (Lair:2)
  12 elephants
  5 unseen horrors
  10 cane toads
  A gargoyle (D:12)
  A kobold demonologist (D:13)
  5 tengu conjurers
  4 komodo dragons
  3 polar bears (Lair:5)
  7 trolls
  2 tyrant leeches
  10 slime creatures
  A hornet (shapeshifter) (D:13)
  6 dream sheep (Lair:4)
  6 flying skulls (Gauntlet)
  A shadow (D:12)
  3 fire bats (D:13)
  2 wraiths
  2 wyverns (Lair:3)
  9 basilisks
  4 steam dragons
  35 yaks
  7 vampire mosquitoes
  A warg (Orc:1)
  A swamp worm (Lair:3)
  3 acid dragons
  24 water moccasins
  2 hell hounds (D:13)
  25 orc warriors
  A black bear (D:9)
  5 ogres
  A necrophage (D:4)
  4 wolves
  A hornet zombie (D:9)
  2 centaurs
  4 phantoms
  5 kobold brigands
  14 bullfrogs
  5 gnoll sergeants
  5 scorpions
  2 wyvern skeletons (D:7)
  A troll zombie (D:12)
  14 killer bees
  3 electric eels
  A vampire bat (D:13)
  2 howler monkeys (D:12)
  5 centaur zombies
  2 jellies
  27 orc priests
  7 hounds
  Crazy Yiuf (D:2)
  A centaur skeleton (D:6)
  Terence (D:3)
  3 iguanas
  13 orc wizards
  A killer bee zombie (D:6)
  7 ogre zombies (D:12)
  A hound skeleton (D:5)
  2 hound zombies (D:5)
  2 howler monkey zombies
  A howler monkey skeleton (D:7)
  25 gnolls
  2 adders
  A shadow imp (Gauntlet)
  A white imp (D:5)
  2 ufetubi
  11 worms
  A dart slug (D:3)
  59 orcs
  2 endoplasms
  5 giant cockroaches
  11 goblins
  5 hobgoblins
  13 jackals
  11 kobolds
  2 quokkas
  4 ball pythons
  9 bats
  7 frilled lizards
  A goblin zombie (D:12)
  2 hobgoblin skeletons (D:12)
  3 hobgoblin zombies (D:12)
  5 orc skeletons (D:12)
  14 orc zombies (D:12)
  2 rats
591 creatures vanquished.

Vanquished Creatures (collateral kills)
  2 orc knights (Orc:2)
  An elephant (Lair:2)
  A slime creature (D:12)
  A dream sheep (Lair:4)
  A water moccasin (D:9)
  7 orc warriors
  4 orc priests (Orc:2)
  A gnoll (D:9)
  7 orcs
25 creatures vanquished.

Vanquished Creatures (others)
  6 dancing weapons
  63 fungi
  78 plants
  4 withered plants (Gauntlet)
151 creatures vanquished.

Grand Total: 767 creatures vanquished

Notes
Turn   | Place    | Note
-------+----------+-------------------------------------------
     0 | D:1      | Silk the Spriggan Brigand began the quest for the Orb.
     0 | D:1      | Reached XP level 1. HP: 10/10 MP: 2/2
   178 | D:1      | Reached skill level 6 in Stealth
   316 | D:1      | Reached XP level 2. HP: 14/15 MP: 3/3
  1294 | D:2      | Identified the +1 robe of Feasting {Fly rElec Str-3 Stlth+}
  1372 | D:2      | Reached XP level 3. HP: 18/18 MP: 4/4
  1436 | D:2      | Found a runed translucent door.
  1437 | D:2      | Noticed Crazy Yiuf
  1462 | D:2      | Killed Crazy Yiuf
  1463 | D:2      | Reached skill level 7 in Stealth
  1758 | D:2      | Learned a level 2 spell: Ensorcelled Hibernation
  1811 | D:3      | Reached XP level 4. HP: 23/23 MP: 5/5
  1971 | D:3      | Noticed Terence
  2025 | D:3      | Killed Terence
  2026 | D:3      | Reached skill level 1 in Hexes
  2111 | D:3      | Reached skill level 1 in Spellcasting
  2115 | D:3      | Learned a level 2 spell: Passwall
  2241 | D:3      | Reached XP level 5. HP: 28/28 MP: 7/7
  2446 | D:4      | Found a staircase to the Ecumenical Temple.
  2452 | Temple   | Entered the Ecumenical Temple
  2518 | Temple   | Became a worshipper of Dithmenos the Shadowed
  2636 | D:4      | Noticed a necrophage
  2654 | D:4      | Killed a necrophage
  2655 | D:4      | Reached skill level 1 in Transmutations
  2709 | D:5      | Entered Level 5 of the Dungeon
  2734 | D:5      | Noticed an ogre
  2738 | D:5      | Killed an ogre
  2739 | D:5      | Reached skill level 8 in Stealth
  2739 | D:5      | Reached XP level 6. HP: 32/32 MP: 8/10
  2890 | D:4      | Found Zehuoste's Book Shop.
  3470 | D:5      | Reached XP level 7. HP: 36/36 MP: 7/12
  3580 | D:5      | Learned a level 3 spell: Swiftness
  3957 | D:5      | Reached * piety under Dithmenos
  4309 | D:5      | Reached skill level 1 in Air Magic
  4363 | D:5      | Reached skill level 5 in Hexes
  4426 | D:5      | Found a broken altar of Ashenzari.
  4610 | D:5      | Found a snail-covered altar of Cheibriados.
  4653 | D:6      | Noticed a steam dragon
  4869 | D:6      | Reached skill level 9 in Stealth
  4869 | D:6      | Reached XP level 8. HP: 42/42 MP: 11/14
  5153 | D:6      | Reached skill level 1 in Evocations
  5202 | D:6      | Reached skill level 1 in Ice Magic
  6028 | D:6      | Found a shimmering altar of Xom.
  6028 | D:6      | Found a radiant altar of Vehumet.
  6147 | D:6      | Learned a level 2 spell: Static Discharge
  6209 | D:7      | Reached ** piety under Dithmenos
  6210 | D:7      | Reached XP level 9. HP: 46/46 MP: 11/17
  6385 | D:7      | Noticed a +0 dagger
  6385 | D:7      | Noticed a +0 dagger
  6387 | D:7      | Reached skill level 5 in Spellcasting
  6391 | D:7      | Reached skill level 10 in Stealth
  6393 | D:7      | Found a hide-covered altar of Uskayaw.
  6434 | D:7      | Found a basalt altar of Yredelemnul.
  6880 | D:7      | Found Tazar's Assorted Antiques.
  7046 | D:7      | Learned a level 3 spell: Stone Arrow
  7073 | D:7      | Found a sparkling altar of Nemelex Xobeh.
  7308 | D:8      | Found a white marble altar of Elyvilon.
  7313 | D:8      | Reached skill level 5 in Fighting
  7316 | D:8      | Noticed an unseen horror
  7320 | D:8      | Killed an unseen horror
  7321 | D:8      | Reached skill level 1 in Earth Magic
  7352 | D:8      | Reached skill level 5 in Evocations
  7489 | D:8      | Reached skill level 11 in Stealth
  7619 | D:8      | Reached XP level 10. HP: 46/51 MP: 15/20
  7665 | D:8      | Reached *** piety under Dithmenos
  7746 | D:9      | Noticed a two-headed ogre
  7754 | D:9      | Noticed a two-headed ogre
  7829 | D:9      | Killed a two-headed ogre
  7836 | D:9      | Learned a level 4 spell: Summon Ice Beast
  7885 | D:9      | Killed a two-headed ogre
  8013 | D:9      | Found a bloodstained altar of Trog.
  8212 | D:9      | Found a staircase to the Lair.
  8259 | D:9      | Reached skill level 12 in Stealth
  8259 | D:9      | Reached skill level 5 in Air Magic
  8356 | D:9      | Noticed Erica
  8463 | D:9      | Killed Erica
  8650 | D:9      | Reached XP level 11. HP: 56/56 MP: 19/23
  9129 | D:10     | Entered Level 10 of the Dungeon
  9174 | D:10     | Found a stormy altar of Qazlal.
  9298 | D:10     | Noticed Maurice
  9304 | D:10     | Killed Maurice
  9341 | D:10     | Reached **** piety under Dithmenos
  9455 | D:10     | Noticed a two-headed ogre
  9486 | D:10     | Killed a two-headed ogre
  9930 | D:10     | Learned a level 3 spell: Frozen Ramparts
 10312 | D:11     | Noticed a two-headed ogre
 10332 | D:11     | Killed a two-headed ogre
 10407 | D:11     | Noticed a two-headed ogre
 10426 | D:11     | Killed a two-headed ogre
 10427 | D:11     | Reached skill level 13 in Stealth
 10502 | D:11     | Found a transporter.
 10523 | D:11     | Found a transporter.
 10538 | D:11     | Noticed NoAnimeNoLife's ghost (journeyman TrBe)
 11153 | D:12     | Found a staircase to the Orcish Mines.
 11207 | D:12     | Reached skill level 10 in Hexes
 11328 | D:12     | Noticed a purple ugly thing
 11617 | Lair:1   | Entered Level 1 of the Lair of Beasts
 11769 | Lair:1   | Identified the +2 quarterstaff "Vummin Dio" {flame, +Blink
                  | Str+8}
 12296 | Lair:1   | Reached XP level 12. HP: 62/62 MP: 25/25
 12591 | Lair:2   | Found a gate leading to a gauntlet.
 12677 | Gauntlet | Entered a Gauntlet
 12677 | Gauntlet | Found a transporter.
 12677 | Gauntlet | Found a transporter.
 12684 | Gauntlet | Found a transporter.
 12699 | Gauntlet | Found a transporter.
 12714 | Gauntlet | Found a transporter.
 12727 | Gauntlet | Found a transporter.
 12731 | Gauntlet | Noticed a green death
 12812 | Gauntlet | Found a transporter.
 12812 | Gauntlet | Found a transporter.
 12838 | Gauntlet | Found a transporter.
 12839 | Gauntlet | Found a transporter.
 12843 | Gauntlet | Found a transporter.
 12874 | Gauntlet | Found a transporter.
 12914 | Gauntlet | Found a transporter.
 13170 | Gauntlet | Identified the +0 helmet of Claustrophobia {rF++ rCorr MP+9
                  | Int+3}
 13192 | Gauntlet | Killed a green death
 13303 | Gauntlet | Noticed a minotaur
 13423 | Gauntlet | Killed a minotaur
 13588 | Lair:2   | Reached skill level 14 in Stealth
 14779 | Lair:3   | Reached skill level 5 in Short Blades
 15052 | Lair:3   | Learned a level 1 spell: Apportation
 15091 | Lair:3   | Found a staircase to the Swamp.
 15295 | Lair:3   | Identified 2 scrolls of acquirement
 15295 | Lair:3   | Acquired the ring of Poir {rPois rF+ Str+2}
 15297 | Lair:3   | Acquired 1162 gold pieces
 15602 | Lair:4   | Noticed Nergalle
 15647 | Lair:4   | Killed Nergalle
 15648 | Lair:4   | Reached XP level 13. HP: 68/68 MP: 27/27
 15781 | Lair:4   | Reached ***** piety under Dithmenos
 16022 | Lair:4   | Found a staircase to the Snake Pit.
 16041 | Lair:4   | Reached skill level 10 in Evocations
 16055 | Lair:4   | Reached skill level 5 in Ice Magic
 16060 | Lair:4   | Reached skill level 10 in Spellcasting
 16073 | Lair:4   | Learned a level 3 spell: Ozocubu's Armour
 16325 | Lair:4   | Acquired 836 gold pieces
 16608 | D:4      | Bought Otruut's Guide on Execration for 600 gold pieces
 16610 | D:4      | Bought a book of Callings for 240 gold pieces
 16615 | D:4      | Learned a level 3 spell: Tukima's Dance
 16619 | D:4      | Learned a level 3 spell: Summon Guardian Golem
 16623 | D:4      | Learned a level 3 spell: Portal Projectile
 16998 | Lair:4   | Reached skill level 1 in Translocations
 17060 | Lair:4   | Identified the +1 ring mail of Liberty {-Tele rF+++ rCorr
                  | Slay-2}
 17263 | Lair:5   | Reached skill level 15 in Stealth
 17356 | Lair:5   | Found a runed translucent gate.
 17356 | Lair:5   | Found a runed translucent gate.
 17356 | Lair:5   | Found a runed translucent gate.
 17359 | Lair:5   | Noticed a minotaur
 17395 | Lair:5   | Noticed Zimaveycw's ghost (journeyman OpFi)
 17466 | Lair:5   | Reached skill level 1 in Summonings
 18303 | Lair:5   | Found a staircase to the Slime Pits.
 19005 | D:12     | Found a shadowy altar of Dithmenos.
 19085 | D:12     | Reached skill level 5 in Dodging
 19437 | Orc:1    | Entered Level 1 of the Orcish Mines
 19467 | Orc:1    | Noticed Fannar
 19479 | Orc:1    | Killed Fannar
 19498 | Orc:1    | Reached ****** piety under Dithmenos
 19822 | Orc:1    | Found a runed translucent gate.
 19822 | Orc:1    | Found a runed translucent gate.
 19822 | Orc:1    | Found a runed translucent gate.
 19823 | Orc:1    | Noticed aloneDruid's ghost (journeyman DgGl)
 19823 | Orc:1    | Noticed an orc warlord
 19824 | Orc:1    | Noticed mmigdal's ghost (journeyman DsFi)
 19845 | Orc:1    | Reached XP level 14. HP: 67/74 MP: 16/29
 19861 | Orc:1    | Killed an orc warlord
 19987 | Orc:1    | Found Qasuq's General Store.
 19988 | Orc:1    | Found Pukh's Specific Store.
 20264 | Orc:2    | Entered Level 2 of the Orcish Mines
 20264 | Orc:2    | Found a staircase to the Elven Halls.
 20516 | Orc:2    | Reached skill level 1 in Invocations
 20602 | Orc:2    | Reached skill level 5 in Translocations
 21793 | Orc:2    | Reached skill level 16 in Stealth
 22009 | Orc:2    | Found Jius Exe's Armour Boutique.
 22010 | Orc:2    | Found Atulaed's Jewellery Shop.
 22010 | Orc:2    | Found Vyum's Antique Weapon Boutique.
 22018 | Orc:2    | Found Xatamuco's Distillery.
 22026 | Orc:2    | Bought a crude rapier for 252 gold pieces
 22026 | Orc:2    | Identified the +7 rapier "Carrer" {freeze, *Slow rN+ MP+9
                  | Stlth+} (You bought it in a shop on level 2 of the Orcish
                  | Mines)
 22964 | D:13     | Found a portal to a secret trove of treasure.
 23478 | D:15     | Entered Level 15 of the Dungeon
 23553 | D:14     | Noticed Jorgrun
 23723 | D:15     | Found Exaseffe's Magic Scroll Shoppe.
 23759 | D:15     | Killed from afar by an ice dragon

Illustrated notes

Levels and vault maps discovered:
D:1:      dpeg_arrival_arbitrary_b, layout_basic
D:2:      layout_loops_ring, uniq_crazy_yiuf_cottage
D:3:      layout_rooms, uniq_terence
D:4:      layout_loops_cross, minmay_temple_entry_nine_rooms, serial_shops,
          nicolae_shop_temple_entry_statues_fountains, minmay_distorted
D:5:      layout_loops_ring, ashenzari_altar_1, chei_slow_surprise
D:6:      layout_layer_cave, minitemple, minmay_misc_feat_five
D:7:      layout_rooms, mainiacjoe_overflow_alcove_2, dancing_weapons_uskayaw,
          general_overflow_altar, serial_shops, nicolae_shop_statue_plus
D:8:      layout_basic, mainiacjoe_overflow_boulevard
D:9:      layout_roguey, lemuel_round_altar, due_lair_maze_entry_diamond,
          uniq_erica
D:10:     layout_loops_ring, grunt_qazlal_clouds, minmay_strange_pillars,
          nicolae_water_bricks, uniq_maurice
D:11:     layout_roguey, gammafunk_ghost_hive
D:12:     layout_grid_maze, zombieorc2_lemuel, nicolae_dithmenos_shadow_blocks
D:13:     layout_loops_ring, nicolae_trove_entry_diagonal,
          hangedman_parallel_progression
D:14:     layout_rooms, grunt_vaults_entry_fortified, fungi_pond_lemuel,
          uniq_jorgrun
D:15:     grunt_enter_depths_hoard, layout_irregular_city, serial_shops, shop,
          minivault_25, hellmonk_guarded_unrand_damnation
Temple:   minmay_temple_bridge_abc
Lair:1:   layout_layer_cave
Lair:2:   layout_small_grid, gauntlet_entry_generic,
          nicolae_quartered_pool_medium
Lair:3:   layout_roguey, minmay_swamp_entry_worms
Lair:4:   layout_loops_ring, minmay_snake_entry_six_corridors, uniq_nergalle
Lair:5:   layout_regular_city, minmay_slime_entry_oklob_enclosed,
          maelrawn_ghost_gauntlet_escape, beast_lair_carwin_5
Orc:1:    layout_caves, gammafunk_ghost_cemetery, nicolae_specific_store,
          uniq_fannar
Orc:2:    st_orc_pillars, layout_diamond_mine, basic_altar,
          nicolae_orc_sculptors_studio, nicolae_orc_lost_temple

Skill      XL: |  1  2  3  4  5  6  7  8  9 10 11 12 13 14 |
---------------+-------------------------------------------+-----
Stealth        | 6 7 8 9 11 12 13 14 15 16 | 16.4
Fighting       | 2 3 4 5 6 8 9 |  9.3
Hexes          | 1 3 4 5 7 8 9 10 11 12 | 12.6
Spellcasting   | 1 2 3 4 6 7 8 9 10 11 | 11.9
Transmutations | 2 3 |  3.0
Air Magic      | 1 2 4 5 |  5.5
Evocations     | 3 5 6 8 9 10 | 10.1
Ice Magic      | 1 2 3 4 6 7 |  7.4
Earth Magic    | 1 3 4 |  4.0
Short Blades   | 3 5 6 |  6.0
Dodging        | 5 7 |  7.1
Translocations | 4 6 |  6.9
Summonings     | 2 |  2.0
Invocations    | 3 |  3.3
Throwing       | |  2.0

Action                   |  1- 3 |  4- 6 |  7- 9 | 10-12 | 13-15 || total
-------------------------+-------+-------+-------+-------+-------++-------
Melee: Dagger            |    68 |    46 |   107 |    41 |       ||   262
       Punch             |     3 |       |     1 |     7 |     8 ||    19
       Long sword        |       |       |    60 |   161 |   338 ||   559
       Short sword       |       |       |       |   103 |   175 ||   278
 Fire: Shortbow          |       |       |    12 |       |       ||    12
Throw: Dart              |    23 |     9 |    38 |    76 |    51 ||   197
       Stone             |     3 |       |       |       |       ||     3
       Boomerang         |       |    25 |    22 |    41 |    25 ||   113
       Throwing net      |       |       |       |     4 |       ||     4
 Cast: Ensorcelled Hiber |       |     8 |    51 |    70 |    49 ||   178
       Passwall          |       |       |     1 |       |       ||     1
       Stone Arrow       |       |       |     3 |    33 |    38 ||    74
       Static Discharge  |       |       |     1 |     3 |       ||     4
       Summon Ice Beast  |       |       |       |     8 |     3 ||    11
       Frozen Ramparts   |       |       |       |     7 |    24 ||    31
       Tukima's Dance    |       |       |       |       |    54 ||    54
       Ozocubu's Armour  |       |       |       |       |    12 ||    12
Invok: Shadow Step       |       |       |       |     3 |     2 ||     5
Evoke: Wand              |       |       |     1 |     5 |    12 ||    18
       Phial of floods   |       |       |       |       |     1 ||     1
  Use: Scroll            |       |       |     7 |    10 |    11 ||    28
       Potion            |       |       |       |     7 |     1 ||     8
 Stab: Sleeping          |     9 |    18 |    42 |    88 |    94 ||   251
       Distracted        |       |     1 |     1 |     2 |     5 ||     9
       Held in net/web   |       |       |       |     2 |       ||     2
Armor: Robe              |     9 |     7 |    20 |    38 |   112 ||   186
       Steam dragon scal |       |       |     9 |     5 |       ||    14
       Troll leather arm |       |       |       |     2 |       ||     2
Dodge: Dodged            |    43 |    20 |   138 |   250 |   436 ||   887
